Map: Distretto abbandonato

Players

Clearyou

  • Race: Terran Terran
  • Spawn Location: 6:00

Fede

  • Race: Protoss Protoss
  • Spawn Location: 6:00

Kedorel

  • Race: Terran Terran
  • League: Silver
  • Spawn Location: 3:00

Jhyrachy

  • Race: Terran Terran
  • League: Silver
  • Spawn Location: 7:00

SUPERCHARGED - Winner!

  • Race: Terran Terran
  • League: Platinum
  • Spawn Location: 3:00

Rxbad - Winner!

  • Race: Zerg Zerg
  • Spawn Location: 9:00

PHoBoS - Winner!

  • Race: Zerg Zerg
  • Spawn Location: 12:00

Tomcat - Winner!

  • Race: Protoss Protoss
  • Spawn Location: 12:00

VOD

Have the link to the VOD?

Description

Time

  • Played on: March 27, 2016, 7:47 a.m.
  • Length: 14:38
Show
View Real Time Build Order
Export as new Build Order

Clearyou Terran 

Build Orders: Reaper Expand 

Get SALT Encoding   

  12  0:02  SCV  
  13  0:14  SCV  
  14  0:22  Supply Depot  
  14  0:26  SCV  
  15  0:44  SCV  
  15  0:46  Barracks  
  15  0:49  Refinery  
  16  1:03  Barracks  
  16  1:21  SCV  
  17  1:38  Reaper  
  18  1:45  Command Center  
  18  1:49  SCV  
  19  1:57  Barracks Tech Lab  
  19  2:01  SCV  
  20  2:17  Refinery, Barracks Reactor, SCV  
  21  2:29  SCV  
  22  2:41  SCV  
  23  2:46  Supply Depot  
  23  2:49  Supply Depot  
  23  2:50  Factory  
  23  2:57  SCV  
  24  3:09  SCV  
  24  3:16  SCV  
  25  3:21  SCV  
  25  3:23  Marine  
  25  3:24  Marine x2  
  25  3:26  Combat Shields  
  29  3:29  SCV  
  30  3:38  Factory Tech Lab  
  30  3:41  Marine x2  
  30  3:42  Starport  
  32  3:48  Orbital Command  
  32  4:03  Engineering Bay  
  32  4:04  SCV  
  32  4:06  Marine  
  32  4:09  Marine  
  35  4:12  Marine  
  35  4:17  SCV  
  37  4:19  Siege Tank  
  40  4:29  SCV  
  41  4:31  SCV  
  42  4:41  SCV  
  42  4:43  SCV  
  38  4:47  Marine x3  
  38  4:50  Widow Mine  
  38  4:51  Medivac  
  43  4:53  SCV  
  14  6:34  Orbital Command  
  12  8:06  Supply Depot  
  12  8:17  Supply Depot  
  12  8:36  Barracks  
  12  8:58  Barracks  
  12  9:04  Orbital Command  
  10  9:47  Barracks Reactor x2  
  10  10:12  SCV  
  11  10:24  Marine x2, SCV  
  11  10:26  Marine  
  11  10:27  Marine  
  16  10:36  SCV  
  16  10:42  Marine x2  
  19  10:51  Marine x2  
  21  11:48  Orbital Command  
  21  12:26  Supply Depot  
  21  12:28  Supply Depot x2  
  6  14:01  Barracks Reactor  
  6  14:03  Marine x2  
  8  14:17  Supply Depot  
Show
View Real Time Build Order
Export as new Build Order

Fede Protoss 

Build Orders:  

Get SALT Encoding   

  12  0:11  Probe (Chrono Boost)  
  13  0:22  Pylon  
  13  0:25  Probe (Chrono Boost)  
  14  0:35  Probe (Chrono Boost)  
  15  0:46  Probe (Chrono Boost)  
  16  0:51  Forge  
  16  0:56  Probe (Chrono Boost)  
  17  0:59  Gateway  
  17  1:09  Probe (Chrono Boost)  
  18  1:20  Probe (Chrono Boost)  
  18  1:22  Pylon  
  19  1:27  Assimilator  
  19  1:30  Probe (Chrono Boost)  
  20  1:37  Photon Cannon  
  20  1:41  Probe (Chrono Boost)  
  21  1:48  Photon Cannon  
  21  1:51  Probe (Chrono Boost)  
  22  1:56  Cybernetics Core  
  22  2:11  Photon Cannon  
  22  2:14  Pylon  
  22  2:19  Assimilator  
  22  2:32  Stalker  
  24  2:41  Warp Gate  
  24  2:45  Pylon  
  24  2:49  Pylon  
  24  3:07  Gateway  
  24  3:08  Pylon  
  24  3:09  Gateway  
  24  3:19  Photon Cannon  
  24  3:26  Stalker  
  26  3:34  Protoss Ground Weapons Level 1  
  26  3:39  Probe (Chrono Boost)  
  27  3:49  Probe (Chrono Boost)  
  27  3:52  Photon Cannon  
  28  4:12  Sentry x3  
  34  4:21  Probe (Chrono Boost)  
  36  4:31  Probe (Chrono Boost)  
  36  4:35  Photon Cannon  
  36  4:42  Probe (Chrono Boost)  
  37  4:52  Probe (Chrono Boost)  
  38  5:03  Probe (Chrono Boost)  
  39  5:26  Stalker x3  
  45  5:32  Gateway  
  45  5:35  Gateway  
  45  5:38  Gateway  
  45  5:52  Stalker  
  45  5:53  Sentry x2  
  47  6:02  Nexus  
  45  6:28  Pylon  
  45  6:31  Stalker x3  
  51  7:14  Stalker x2  
  51  7:15  Stalker x2  
  59  7:16  Stalker x2  
  59  7:18  Protoss Ground Armor Level 1  
  63  7:33  Probe x2 (Chrono Boost)  
  65  7:40  Sentry x3  
  65  7:42  Zealot x2  
  65  7:43  Zealot  
  77  8:20  Assimilator  
  77  8:23  Assimilator  
  77  8:25  Pylon  
  77  8:26  Stalker  
  79  8:27  Stalker  
  79  8:28  Sentry, Pylon, Stalker  
  79  8:33  Pylon  
  85  9:04  Photon Cannon  
  85  9:06  Photon Cannon  
  85  9:08  Photon Cannon  
  85  9:09  Sentry  
  87  9:10  Sentry  
  87  9:11  Sentry, Photon Cannon  
  87  9:12  Zealot x3  
  97  9:43  Protoss Shields Level 1  
  97  9:49  Twilight Council  
  97  9:55  Pylon x2  
  97  9:58  Stalker  
  97  9:59  Stalker  
  101  11:00  Stalker x3  
  101  11:01  Stalker x2  
  101  11:02  Stalker  
  113  11:56  Robotics Facility x2  
  113  11:59  Pylon  
  113  12:08  Protoss Ground Weapons Level 2  
  113  12:19  Pylon  
  113  12:21  Pylon  
  43  13:30  Stalker x3  
  43  13:31  Stalker x3  
Show
View Real Time Build Order
Export as new Build Order

Kedorel Terran 

Build Orders:  

Get SALT Encoding   

  12  0:14  SCV  
  13  0:24  Supply Depot  
  13  0:26  SCV  
  14  0:38  SCV  
  14  0:41  Supply Depot  
  15  0:47  Barracks  
  15  1:02  SCV  
  16  1:12  Engineering Bay  
  16  1:22  Supply Depot, SCV  
  16  1:24  Refinery  
  17  1:34  SCV  
  17  1:39  Bunker  
  18  1:42  Marine  
  19  1:54  Bunker  
  19  2:00  Marine  
  20  2:15  Supply Depot  
  20  2:18  Marine  
  21  2:29  Barracks  
  21  2:34  SCV  
  21  2:36  Marine  
  23  2:40  Missile Turret  
  23  2:46  SCV  
  24  2:58  SCV  
  25  3:10  SCV  
  26  3:16  Bunker  
  26  3:19  Marine  
  27  3:25  Refinery  
  27  3:26  Orbital Command  
  27  3:33  Factory  
  27  3:37  Marine  
  27  3:39  Factory  
  28  3:52  Missile Turret  
  28  3:55  Marine  
  29  4:04  Missile Turret  
  29  4:08  SCV  
  30  4:18  Factory Tech Lab  
  30  4:30  Missile Turret  
  30  4:36  Command Center  
  30  4:37  Siege Tank  
  31  4:50  Widow Mine  
  28  5:15  Supply Depot  
  28  5:17  Supply Depot  
  28  5:24  Supply Depot  
  28  5:26  Supply Depot  
  28  5:38  Widow Mine, Supply Depot  
  30  5:52  Marine  
  31  6:03  Factory Tech Lab  
  31  6:07  Siege Tank  
  31  6:10  Marine  
Show
View Real Time Build Order
Export as new Build Order

Jhyrachy Terran 

Build Orders:  

Get SALT Encoding   

  12  0:02  SCV  
  13  0:14  SCV  
  14  0:23  Supply Depot  
  14  0:26  SCV  
  15  0:44  SCV  
  16  0:51  Barracks  
  16  0:56  SCV  
  17  0:59  Refinery  
  17  1:04  Supply Depot  
  17  1:16  SCV  
  18  1:28  SCV  
  18  1:29  Supply Depot  
  19  1:36  Refinery  
  19  1:41  Marine  
  20  1:50  Bunker  
  21  1:56  Orbital Command  
  21  1:59  Marine  
  21  2:25  Factory  
  21  2:39  Supply Depot  
  21  2:43  Barracks Reactor  
  21  2:53  Barracks Tech Lab  
  21  2:59  SCV  
  22  3:09  Command Center  
  22  3:11  SCV  
  23  3:20  Marine  
  23  3:23  SCV  
  23  3:26  Factory Reactor  
  25  3:27  Starport  
  25  3:35  SCV  
  25  3:38  Marine  
  27  3:47  SCV  
  28  4:05  Refinery  
  28  4:07  Starport Reactor  
  28  4:18  SCV  
  29  4:31  Liberator x2  
  29  4:39  Widow Mine  
  37  5:08  Widow Mine  
  39  5:42  Liberator x2  
  39  6:02  Orbital Command  
  45  6:04  SCV  
  46  6:16  SCV  
  47  6:29  SCV  
  48  6:37  Liberator x2  
  48  6:41  SCV  
  49  6:52  Refinery  
  49  6:53  SCV  
  56  7:11  Widow Mine x2  
  60  7:27  Supply Depot x2  
  60  7:39  Widow Mine  
  62  7:48  Widow Mine, SCV x2  
  62  7:49  Engineering Bay  
  62  7:50  Supply Depot  
  62  7:51  Supply Depot  
  66  8:00  SCV  
  67  8:39  Missile Turret  
  67  8:40  Missile Turret  
  67  8:53  Starport  
  67  9:03  Factory  
  67  9:11  Widow Mine  
  67  9:12  Widow Mine  
  71  9:31  Supply Depot  
  71  9:40  Widow Mine x2  
  75  9:50  Missile Turret  
  75  9:54  Supply Depot  
  75  10:07  Factory Tech Lab  
  75  10:08  Widow Mine  
  75  10:09  Widow Mine  
  75  10:12  Missile Turret  
  75  10:13  Starport  
  79  10:17  Supply Depot  
  79  10:31  Liberator x2  
  79  10:35  Missile Turret  
  79  10:37  Widow Mine x2  
  79  10:40  Supply Depot  
  89  11:03  Supply Depot  
  89  11:06  Armory  
  89  11:14  Liberator x2  
  89  11:17  Widow Mine x2  
  93  11:27  Command Center  
  93  11:28  Supply Depot  
  99  11:45  Widow Mine  
  99  11:46  Widow Mine  
  103  11:51  Supply Depot  
  103  12:14  Widow Mine x2, Supply Depot  
  107  12:20  Liberator  
  107  12:21  Fusion Core, Liberator x2  
  107  12:36  Supply Depot  
  107  12:43  Widow Mine x2  
  120  12:59  Supply Depot  
  120  13:03  Liberator x2  
  116  13:22  Supply Depot  
  119  13:45  Supply Depot  
Show
View Real Time Build Order
Export as new Build Order

SUPERCHARGED Terran - Winner!

Build Orders: MMM Bio 

Get SALT Encoding   

  12  0:02  SCV  
  13  0:14  SCV  
  14  0:21  Supply Depot  
  14  0:26  SCV  
  15  0:43  SCV  
  15  0:44  Barracks  
  16  0:54  Refinery  
  16  0:55  SCV  
  17  1:07  SCV  
  18  1:14  Barracks  
  18  1:19  SCV  
  19  1:27  Barracks  
  19  1:31  SCV  
  20  1:33  Barracks Tech Lab  
  20  1:37  Supply Depot  
  20  1:44  SCV  
  21  1:54  Marine  
  22  2:03  Marine  
  22  2:05  Combat Shields  
  23  2:13  Marine  
  23  2:14  Marine  
  25  2:25  Marine, Barracks  
  26  2:31  Marine  
  26  2:32  Marine  
  28  2:43  Marine  
  29  2:48  Marine  
  29  2:49  Marine  
  31  3:05  Supply Depot  
  31  3:19  Orbital Command  
  31  3:22  Supply Depot  
  31  3:26  Marine x4  
  35  3:33  Supply Depot  
  35  3:44  Marine x4  
  39  4:02  Marine x4  
  43  4:12  Command Center  
  43  4:18  Refinery, SCV  
  43  4:20  Marine  
  43  4:21  Marine  
  46  4:24  Marine  
  46  4:27  Marine  
  48  4:51  Marine x4  
  51  5:09  Marine  
  50  5:36  Orbital Command  
  50  5:38  SCV  
  51  5:43  Barracks Reactor x3  
  51  5:48  Factory  
  51  5:51  Engineering Bay  
  51  5:53  Supply Depot, SCV  
  52  6:05  SCV  
  53  6:18  SCV  
  48  6:57  Terran Infantry Weapons Level 1  
  48  6:59  Stimpack  
  48  7:03  SCV x2  
  48  7:04  Starport  
  48  7:08  Refinery  
  47  7:15  SCV  
  47  7:16  SCV  
  49  7:27  SCV  
  49  7:28  SCV  
  51  7:38  Armory  
  51  7:40  SCV x2  
  51  7:43  Supply Depot  
  53  7:48  Starport Reactor  
  53  7:50  Command Center  
  53  7:52  SCV x2  
  53  7:54  Barracks  
  55  8:02  Marine x4  
  55  8:03  Marauder, Marine x2  
  55  8:04  SCV x2  
  65  8:06  Supply Depot, Factory Tech Lab  
  65  8:14  Refinery  
  65  8:16  SCV x2  
  65  8:19  Engineering Bay  
  67  8:24  Marauder  
  67  8:25  Medivac x2  
  73  8:28  Marine x5  
  73  8:29  Marine, Supply Depot  
  79  8:38  Missile Turret  
  79  8:43  Missile Turret  
  79  8:46  Marauder  
  79  8:48  Supply Depot  
  81  8:49  Terran Infantry Armor Level 1  
  81  8:50  Marine x2, Terran Vehicle And Ship Armor Level 1  
  81  8:51  Marine  
  81  8:52  Marine  
  81  8:54  Marine  
  86  8:55  Marine  
  86  9:00  Concussive Shells  
  87  9:07  Marauder  
  89  9:11  Barracks Reactor  
  89  9:12  Supply Depot  
  89  9:14  Marine x5  
  89  9:15  Marine  
  89  9:16  SCV x2  
  97  9:28  Orbital Command, Marauder, SCV  
  101  9:38  SCV  
  101  9:40  SCV  
  101  9:41  Marine x3  
  101  9:42  Marine x3  
  108  9:47  Medivac  
  108  9:48  Medivac  
  108  9:50  Marauder, SCV  
  115  9:54  Terran Infantry Weapons Level 2  
  115  9:55  Marine x2  
  117  10:03  SCV x2  
  119  10:11  Marauder  
  119  10:13  Refinery  
  121  10:15  Refinery  
  121  10:17  SCV x3  
  121  10:20  Marine x3  
  121  10:21  Marine x2  
  128  10:26  Medivac  
  131  10:29  SCV x2  
  133  10:44  Terran Ship Weapons Level 1  
  133  10:45  Terran Infantry Armor Level 2  
  133  10:53  Supply Depot  
  133  10:57  Supply Depot  
  133  11:01  Marine x5, SCV  
  133  11:02  Marauder  
  141  11:14  Marine, Medivac x2  
  146  11:22  Marine x2  
  146  11:23  Marauder, Marine x2  
  152  11:41  Starport  
  152  11:44  Viking x2  
  152  11:46  Starport, Supply Depot  
  156  11:47  Marine  
  156  11:48  Marauder, Marine x3  
  162  12:10  Marauder  
  162  12:11  Marine x2  
  162  12:12  Marine x3  
  162  12:14  Viking x2  
  173  12:24  Command Center  
  173  12:25  Marine x3  
  173  12:29  Marine  
  177  12:31  Marauder, Marine x2  
  177  12:33  Starport Reactor, Starport Tech Lab  
  181  12:40  Armory  
  181  12:41  Fusion Core  
  181  12:53  Marauder  
  172  13:46  Marine x2  
  172  13:47  Marauder, Marine x4  
  180  13:48  Marine  
  180  13:49  Marine  
  185  14:04  Marine  
  185  14:09  Marauder  
Show
View Real Time Build Order
Export as new Build Order

Rxbad Zerg - Winner!

Build Orders: Hatch First, Lurkers 

Get SALT Encoding   

  12  0:04  Drone  
  13  0:19  Extractor, Drone  
  13  0:20  Drone  
  14  0:31  Overlord  
  14  0:55  Drone  
  14  0:56  Hatchery  
  14  1:00  Drone  
  15  1:05  Drone  
  16  1:15  Drone  
  17  1:33  Spawning Pool  
  16  1:50  Drone  
  16  1:51  Drone x2  
  19  2:22  Queen  
  19  2:24  Roach Warren  
  19  2:28  Overlord  
  20  2:30  Spore Crawler  
  20  2:31  Queen  
  21  3:04  Zergling x2  
  22  3:06  Roach x2  
  22  3:10  Roach x3  
  32  3:27  Spore Crawler  
  32  3:28  Roach x2  
  32  3:29  Spore Crawler  
  34  3:34  Roach  
  34  3:36  Overlord  
  36  3:50  Spine Crawler  
  35  3:57  Roach  
  37  4:03  Overlord  
  37  4:18  Roach  
  37  4:19  Roach  
  32  5:20  Lair  
  32  5:23  Spine Crawler  
  25  6:05  Extractor  
  25  6:07  Drone  
  25  6:08  Drone x2  
  27  6:44  Glial Reconstitution  
  27  6:47  Overlord x2  
  27  6:54  Drone  
  27  6:57  Drone x2, Hydralisk Den  
  27  6:58  Drone  
  30  7:21  Roach x3  
  36  7:26  Roach x3  
  36  7:29  Roach x3  
  48  7:35  Extractor  
  47  7:37  Extractor  
  47  7:40  Muscular Augments  
  46  7:44  Overseer  
  46  7:46  Drone x2  
  48  8:02  Burrow  
  48  8:05  Hydralisk  
  48  8:07  Hydralisk  
  52  8:18  Drone  
  52  8:19  Drone  
  54  8:37  Drone x5  
  59  8:52  Overlord  
  59  9:00  Overseer  
  59  9:22  Lurker Den  
  59  9:23  Hydralisk x3  
  65  9:57  Hydralisk  
  65  9:59  Overlord x2  
  67  10:16  Overlord  
  67  10:17  Overlord  
  67  10:36  Tunneling Claws  
  67  10:38  Hydralisk x5  
  77  11:01  Drone x3  
  77  11:02  Drone x2, Nydus Network  
  81  11:25  Evolution Chamber  
  80  11:27  Evolution Chamber  
  79  11:33  Lurker  
  79  11:34  Lurker x5  
  86  11:40  Drone x2  
  86  11:43  Drone  
  86  11:45  Drone  
  89  12:02  Zerg Ground Armor Level 1, Zerg Missile Weapons Level 1  
  89  12:26  Hatchery  
  88  12:53  Overlord x3  
  88  13:15  Nydus Canal  
Show
View Real Time Build Order
Export as new Build Order

PHoBoS Zerg - Winner!

Build Orders: Pool First 

Get SALT Encoding   

  12  0:18  Spawning Pool  
  11  0:28  Drone x2  
  13  0:35  Extractor  
  13  0:39  Overlord  
  12  0:45  Drone  
  14  0:50  Drone  
  14  1:08  Queen  
  16  1:13  Drone x2  
  18  1:31  Overlord  
  18  1:56  Hatchery  
  17  2:04  Metabolic Boost  
  17  2:05  Zergling x2  
  18  2:10  Zergling x2  
  19  2:17  Zergling x2  
  20  2:24  Zergling x4  
  22  2:35  Queen  
  24  2:55  Overlord  
  24  3:06  Zergling x8  
  28  3:15  Zergling x2  
  28  3:16  Zergling x4  
  31  3:25  Drone x2  
  33  3:34  Zergling x2  
  34  3:39  Spore Crawler  
  33  3:48  Spine Crawler  
  32  3:50  Drone  
  33  4:03  Drone x2  
  33  4:05  Drone  
  36  4:17  Extractor, Drone  
  36  4:18  Drone  
  36  4:19  Zergling x2  
  31  4:56  Zergling x6  
  31  4:57  Zergling x6  
  33  5:13  Zergling x8  
  33  5:14  Zergling x4  
  36  5:51  Zergling x8  
  36  5:52  Zergling x4  
  34  6:35  Drone x6  
  40  6:45  Spore Crawler  
  40  6:46  Drone  
  40  6:49  Extractor  
  40  6:52  Extractor  
  36  6:55  Evolution Chamber  
  36  6:59  Evolution Chamber  
  28  7:48  Drone x2  
  28  7:49  Drone x6  
  36  8:03  Zerg Missile Weapons Level 1, Zerg Melee Weapons Level 1  
  36  8:06  Lair  
  36  8:11  Pneumatized Carapace  
  36  8:21  Spore Crawler  
  36  8:25  Drone x3  
  38  8:31  Drone x5  
  38  8:33  Overlord  
  43  8:56  Burrow  
  43  9:03  Drone x4  
  43  9:04  Drone  
  48  9:25  Infestation Pit  
  48  9:27  Hatchery, Spire  
  45  9:35  Hydralisk Den  
  43  9:41  Hatchery  
  42  9:54  Zergling x6  
  42  9:55  Zergling x6  
  48  10:05  Zerg Ground Armor Level 1, Zerg Missile Weapons Level 2  
  48  10:08  Muscular Augments  
  48  10:14  Drone x4  
  52  10:24  Hive  
  52  10:28  Overlord x3  
  52  10:40  Drone x3  
  52  10:41  Queen  
  57  10:47  Drone  
  58  10:50  Extractor  
  57  10:58  Zerg Flyer Weapons Level 1  
  57  11:01  Drone x7  
  57  11:02  Drone  
  65  11:09  Drone x4  
  65  11:11  Queen  
  71  11:12  Drone  
  71  11:13  Drone  
  73  11:26  Hydralisk x6  
  73  11:27  Hydralisk  
  87  11:40  Overlord  
  87  11:41  Overlord x5  
  87  11:42  Overlord  
  87  11:46  Drone  
  88  11:54  Extractor  
  88  11:59  Zerg Melee Weapons Level 2  
  87  12:02  Spore Crawler  
  87  12:03  Spore Crawler  
  87  12:05  Hydralisk x5  
  87  12:06  Hydralisk x2  
  87  12:07  Zergling x2  
  87  12:08  Zergling x4  
  101  12:13  Overseer  
  97  12:40  Hydralisk  
  97  12:41  Hydralisk x11  
  97  12:42  Hydralisk  
  94  13:29  Ultralisk Cavern  
  91  13:38  Mutalisk  
  91  13:39  Mutalisk x7  
  91  13:40  Mutalisk x5  
  115  13:56  Spine Crawler  
  115  14:02  Spine Crawler  
  113  14:07  Spore Crawler  
Show
View Real Time Build Order
Export as new Build Order

Tomcat Protoss - Winner!

Build Orders:  

Get SALT Encoding   

  12  0:03  Probe (Chrono Boost)  
  13  0:14  Probe (Chrono Boost)  
  14  0:19  Pylon  
  14  0:26  Probe (Chrono Boost)  
  15  0:37  Probe (Chrono Boost)  
  15  0:40  Gateway  
  16  0:47  Assimilator  
  16  0:53  Assimilator  
  16  0:56  Probe (Chrono Boost)  
  17  1:06  Probe (Chrono Boost)  
  18  1:17  Probe (Chrono Boost)  
  19  1:30  Cybernetics Core, Probe (Chrono Boost)  
  20  1:34  Gateway  
  20  1:40  Probe (Chrono Boost)  
  20  1:44  Gateway  
  21  1:51  Probe (Chrono Boost)  
  22  1:58  Pylon  
  22  2:17  Forge  
  22  2:31  Stalker  
  22  2:32  Stalker x2  
  28  2:57  Protoss Ground Weapons Level 1 (Chrono Boost)  
  28  3:16  Stalker  
  30  3:26  Pylon  
  30  3:32  Pylon  
  30  3:44  Stalker x2  
  30  3:46  Stalker  
  36  4:14  Photon Cannon  
  36  4:18  Photon Cannon  
  36  4:21  Stalker x3  
  42  4:32  Pylon  
  42  4:38  Protoss Shields Level 1 (Chrono Boost)  
  42  4:51  Stalker x2  
  46  5:01  Stalker  
  48  5:21  Stalker  
  48  5:46  Stalker x2  
  52  5:50  Stalker  
  54  6:07  Pylon  
  54  6:17  Twilight Council  
  54  6:18  Protoss Ground Armor Level 1 (Chrono Boost)  
  54  6:25  Stalker x3  
  60  6:57  Stalker  
  62  7:05  Stalker  
  62  7:06  Stalker  
  62  7:34  Nexus  
  62  7:57  Protoss Ground Weapons Level 2 (Chrono Boost)  
  62  8:14  Nexus  
  62  8:24  Blink  
  62  8:35  Pylon  
  62  8:46  Stalker x2  
  66  8:54  Probe  
  67  9:05  Probe  
  68  9:15  Probe  
  68  9:18  Robotics Facility  
  69  9:26  Probe  
  69  9:28  Probe  
  71  9:37  Probe  
  72  9:39  Probe  
  72  9:41  Assimilator  
  72  9:44  Assimilator  
  73  9:47  Probe, Warp Gate  
  74  9:53  Pylon  
  74  9:54  Probe  
  74  9:58  Probe  
  76  10:05  Probe  
  76  10:07  Observer  
  78  10:08  Probe  
  78  10:13  Protoss Ground Weapons Level 3 (Chrono Boost)  
  79  10:15  Probe  
  79  10:19  Probe  
  81  10:21  Assimilator  
  81  10:26  Assimilator  
  81  10:28  Observer  
  82  10:30  Probe  
  83  10:40  Probe  
  84  10:47  Robotics Bay  
  84  10:51  Probe  
  84  10:52  Gateway  
  84  10:54  Gateway  
  84  10:56  Gateway  
  85  11:04  Gateway  
  85  11:05  Probe  
  85  11:06  Gateway  
  85  11:10  Probe  
  86  11:15  Probe  
  88  11:20  Probe  
  89  11:26  Probe  
  88  11:39  Observer  
  89  12:02  Stalker x2  
  89  12:03  Stalker x5  
  89  12:04  Stalker  
  105  12:14  Pylon  
  105  12:16  Pylon  
  105  12:19  Pylon  
  105  12:21  Pylon  
  105  12:24  Pylon  
  105  12:35  Colossus  
  111  12:38  Extended Thermal Lance  
  111  12:41  Protoss Shields Level 2 (Chrono Boost)  
  107  13:28  Colossus, Stargate  
  113  13:35  Nexus  
  113  13:53  Stalker x2  
  113  13:54  Stalker x5  
  113  13:55  Stalker  
  119  14:29  Stalker x3  
  119  14:30  Stalker x5  
Tags
 
Add a new tag
Caveats
  • Supply blocks, unpowered buildings, or Contaminate may cause inaccurate times.
  • Supply counts are checked every 10 seconds.